 Dungeon Crawl Stone Soup version 0.20.1-1-g8b1a95d (webtiles) character file.

214 Monsterracer the Insei (level 5, -1/37 HPs)
             Began as a Barachi Transmuter on Sept 16, 2017.
             Succumbed to a worker ant's poison
             ... on level 3 of the Dungeon.
             The game lasted 00:04:40 (3753 turns).

Monsterracer the Insei (Barachi Transmuter)         Turns: 3753, Time: 00:04:41

Health: -1/37      AC:  2    Str: 11    XL:     5   Next: 92%
Magic:  6/8        EV: 20    Int: 18    God:
Gold:   152        SH:  0    Dex: 18    Spells: 2/8 levels left

rFire    . . .     SeeInvis .     - Unarmed
rCold    + . .     Gourm    .   (shield currently unavailable)
rNeg     . . .     Faith    .   (armour currently unavailable)
rPois    x         Spirit   .   (helmet currently unavailable)
rElec    .         Reflect  .   (cloak currently unavailable)
rCorr    .         Harm     .   (gloves currently unavailable)
MR       .....                  (boots currently unavailable)
Stlth    ++........             (no amulet)
Regen    0.2/turn               h - ring of protection from cold
MPRegen  0.2/turn               t - +4 ring of intelligence

@: lethally poisoned (-1 -> -41), spider-form (expiring), flying, very slightly
contaminated, invisible
A: +LOS, swims
a: End Transformation


You were on level 3 of the Dungeon.
You were hungry.
You were a venomous arachnid creature.
You visited 1 branch of the dungeon, and saw 4 of its levels.

You collected 152 gold pieces.

Inventory:

Missiles
 a - 82 arrows
Armour
 b - a +0 robe (melded)
 p - a +1 cloak (melded)
Jewellery
 h - a ring of protection from cold (left front leg)
 t - a +4 ring of intelligence (right front leg)
 u - an uncursed amulet of guardian spirit
Scrolls
 i - 3 scrolls of teleportation {unknown}
 j - a scroll of fog {unknown}
 k - a scroll of magic mapping {unknown}
 m - 2 scrolls of identify {unknown}
 n - a scroll of fear {unknown}
 o - 2 scrolls of immolation {unknown}
 r - a scroll of remove curse {unknown}
 s - a scroll of noise {unknown}
Books
 c - a book of Changes

   Spells                             Type                      Level
   a - Beastly Appendage              Transmutation                1
   b - Sticks to Snakes               Transmutation                2
   c - Spider Form                    Transmutation/Poison         3
   d - Ice Form                       Ice/Transmutation            4
   e - Blade Hands                    Transmutation                5
Comestibles
 d - 2 bread rations
 f - a meat ration
 q - 2 fruits


   Skills:
 - Level 1.2 Fighting
 - Level 2.1 Dodging
 + Level 5.2 Unarmed Combat
 - Level 2.1 Spellcasting
 + Level 5.0 Transmutations


You had 2 spell levels left.
You knew the following spells:

 Your Spells              Type           Power        Failure   Level  Hunger
a - Beastly Appendage     Tmut           ###...       9%          1    #......
b - Sticks to Snakes      Tmut           ###.....     11%         2    ###....
c - Spider Form           Tmut/Pois      ##........   38%         3    ###....


Dungeon Overview and Level Annotations

Branches:
Dungeon (4/15)
 Temple: D:4-7

Altars:


Innate Abilities, Weirdness & Mutations

Shadows flee at your approach. (+LOS)
You can swim through water.
((You cover ground slowly.))
((You can hop short distances.))


Message History

You kill the worker ant!
The worker ant barely misses you.
You are very lightly contaminated with residual magic.
Huge Dmg: -11%(-4hp) hp: 22%(8hp) It was a potion of flight.
You feel very buoyant.
You fly up into the air.
* * * LOW HITPOINT WARNING * * *
You feel very sick. The worker ant misses you.
Huge Dmg: -8%(-3hp) hp: 14%(5hp)
You catch the helpless worker ant completely off-guard!
You hit the worker ant.
The worker ant is poisoned.
The worker ant is almost dead.
* * * LOW HITPOINT WARNING * * *
You feel very sick.
You kill the worker ant!
Your Transmutations skill increases to level 5!
Huge Dmg: -8%(-3hp) hp: 6%(2hp)
You die...

#.#
#.........##...##.<#.
#.#
#.###.##.##.##......#
#.#
###.###.###..##.##>..#.
#.#
#............#.......##
#.#
#.#.###.####....##.#.##
#.#
#....##..............#
#.#
##.....#..#####...#####
#.####.......>.# #..##
### #...........s..#
#..# #..
######.......#.# #..#
### #.......##.#####..#
#.................###
#...#.####..........# #
##..#####.#.#.###.#.#
## #.......###..#
#.#.####.
#.######.#.#.#
#.#..##.# #.# ##.##.#
#.##.###.


There were no monsters in sight!

Vanquished Creatures
  2 worker ants (D:3)
  4 gnolls (D:2)
  2 adders (D:2)
  2 oozes
  3 worms
  A leopard gecko (D:3)
  6 orcs (D:3)
  12 bats
  3 giant cockroaches
  10 goblins
  9 hobgoblins
  A jackal (D:2)
  6 kobolds
  3 quokkas
  A ball python (D:2)
  6 frilled lizards
  10 rats
81 creatures vanquished.

Vanquished Creatures (collateral kills)
  An adder (D:1)
1 creature vanquished.

Grand Total: 82 creatures vanquished

Notes
Turn   | Place    | Note
-------+----------+-------------------------------------------
     0 | D:1      | Monsterracer the Barachi Transmuter began the quest for the Orb.
     0 | D:1      | Reached XP level 1. HP: 15/15 MP: 3/3
   218 | D:1      | Reached XP level 2. HP: 21/21 MP: 5/5
   423 | D:1      | Learned a level 2 spell: Sticks to Snakes
   816 | D:1      | Reached XP level 3. HP: 25/26 MP: 6/6
  1304 | D:2      | Learned a level 3 spell: Spider Form
  1749 | D:2      | Reached XP level 4. HP: 27/32 MP: 7/7
  2049 | D:2      | HP: 12/32 [gnoll/spear (7)]
  2261 | D:2      | Reached XP level 5. HP: 29/37 MP: 2/8
  3260 | D:3      | HP: 18/37 [worm (1)]
  3264 | D:3      | Reached skill level 5 in Unarmed Combat
  3735 | D:4      | Noticed an ogre
  3745 | D:3      | HP: 18/37 [poisoned by a worker ant]
  3746 | D:3      | HP: 8/37 [poisoned by a worker ant]
  3746 | D:3      | HP: 3/37 [worker ant (5)]
  3751 | D:3      | HP: 5/37 [poisoned by a worker ant]
  3752 | D:3      | HP: 2/37 [poisoned by a worker ant]
  3752 | D:3      | Reached skill level 5 in Transmutations
  3753 | D:3      | Succumbed to a worker ant's poison

Skill      XL: |  1  2  3  4  5 |
---------------+----------------+-----
Transmutations | 3 4 5 |  5.0
Unarmed Combat | 4 5 |  5.2
Fighting       | |  1.2
Dodging        | |  2.1
Spellcasting   | |  2.1

Action                   |  1- 3 |  4- 6 || total
-------------------------+-------+-------++-------
Melee: Unarmed           |   132 |   127 ||   259
       Punch             |       |     2 ||     2
 Cast: Beastly Appendage |     2 |       ||     2
       Spider Form       |     1 |     6 ||     7
       Sticks to Snakes  |       |     1 ||     1
  Use: Potion            |       |     3 ||     3
 Stab: Invisible         |       |     1 ||     1
       Sleeping          |       |     1 ||     1
  Eat: Chunk             |     3 |     8 ||    11
Armor: Robe              |    28 |    26 ||    54
       Skin              |     4 |     3 ||     7
Dodge: Dodged            |    89 |    96 ||   185
